 Dungeon Crawl Stone Soup version 0.29.1-13-g9f3cf754e1 (webtiles) character file.

Game seed: 2719771555003162458

8 DeadRuby the Trooper (level 2, 0/19 HPs)
             Began as a Kobold Fighter on Feb 11, 2023.
             Slain by a goblin
             ... wielding a +0 club
              (1 damage)
             ... on level 1 of the Dungeon.
             The game lasted 00:01:34 (283 turns).

DeadRuby the Trooper (Kobold Fighter)                Turns: 283, Time: 00:01:35

Health: 0/19       AC:  6    Str: 13    XL:     2   Next: 15%
Magic:  2/2        EV: 10    Int:  9    God:
Gold:   9          SH:  5    Dex: 14    Spells: 1/1 levels left

rFire   . . .      SeeInvis .   a - +0 rapier
rCold   . . .      Faith    .   c - +0 buckler
rNeg    . . .      Spirit   .   b - +0 scale mail
rPois   .          Reflect  .   (no helmet)
rElec   .          Harm     .   (no cloak)
rCorr   .          Rampage  .   (no gloves)
Will    .....                   (no boots)
Stlth   +.........              (no amulet)
HPRegen 0.06/turn               (no ring)
MPRegen 0.08/turn               (no ring)

@: no status effects
A: small, no large weapons, nightstalker 3
a: no special abilities


You were on level 1 of the Dungeon.
You visited 1 branch of the dungeon, and saw 1 of its levels.

You collected 9 gold pieces.

Inventory:

Hand Weapons
 a - a +0 rapier (weapon)
 h - a +0 short sword
Armour
 b - a +0 scale mail (worn)
 c - a +0 buckler (worn)
 g - a +0 leather armour
Jewellery
 f - an amulet of reflection
Scrolls
 e - a scroll of identify {unknown}
Potions
 d - a potion of might
 i - a potion of invisibility {unknown}


   Skills:
 + Level 3.4 Fighting
 + Level 2.8 Short Blades
 + Level 2.5 Armour
 + Level 0.3 Dodging
 + Level 2.5 Shields


You had one spell level left.
You didn't know any spells.
Your spell library was empty.

Dungeon Overview and Level Annotations

Branches:
Dungeon (1/15)

Altars:


Innate Abilities, Weirdness & Mutations

You are small and have problems with some larger weapons.
You are completely attuned to the shadows.


Message History

The goblin shouts!
The jackal bites you but does no damage.
You block the jackal's attack.
You barely miss the jackal.
The jackal bites you but does no damage.
You hit the jackal.
The jackal is heavily wounded.
The jackal barely misses you. The jackal bites you.
The goblin closely misses you.
You miss the jackal.
The jackal is heavily wounded.
The jackal barely misses you. The goblin hits you with a +0 club.
* * * LOW HITPOINT WARNING * * *
You hit the jackal.
The jackal is almost dead.
You block the jackal's attack. x2; The goblin closely misses you.
You barely miss the jackal.
The jackal is almost dead.
You block the jackal's attack. The goblin hits you with a +0 club.
* * * LOW HITPOINT WARNING * * *
The jackal bites you but does no damage.
You hit the jackal but do no damage.
The jackal is almost dead.
The goblin barely misses you. You block the jackal's attack.
You closely miss the jackal.
The jackal is almost dead.
You block the jackal's attack. You block the goblin's attack.
The jackal completely misses you.
You hit the jackal.
You kill the jackal!
The goblin hits you but does no damage. The goblin barely misses you.
You see here a jackal corpse.
The goblin closely misses you.
Things that are here:
a jackal corpse; a jackal corpse The goblin hits you with a +0 club.
* * * LOW HITPOINT WARNING * * *
The goblin hits you with a +0 club.
You die...

....###..................
.........................
.........##..............
.........##..............
....#######..............
....# #.........''###
....# #.........#.#
##'#### #.........#.#
##....# ####.#@####h#
#####.# #.#.g..# #####.#
#.####†# ......# #......#
####### ....†# ##..
.....# ###..÷. .....#
#...... .....# #....#
......


You could see a goblin.

Vanquished Creatures
  2 bats (D:1)
  4 jackals (D:1)
6 creatures vanquished.

Notes
Turn   | Place    | Note
-------+----------+-------------------------------------------
     0 | D:1      | DeadRuby the Kobold Fighter began the quest for the Orb.
     0 | D:1      | Reached XP level 1. HP: 14/14 MP: 1/1
   266 | D:1      | Reached XP level 2. HP: 10/19 MP: 2/2
   283 | D:1      | Slain by a goblin

Illustrated notes

Levels and vault maps discovered:
D:1:      amcnicky_arrival_wind_blow, layout_basic, serial_shops, shop,
          nicolae_diamond_shop, nicolae_diamond_shop

Action                   || total
-------------------------++-------
Melee: Rapier            ||    38
Armor: Scale mail        ||    40
Dodge: Dodged            ||    53
Block: Buckler           ||    35
